 Dungeon Crawl Stone Soup version 0.23.2-1-ga50397a (webtiles) character file.

Game seed: 5364590571485027457

18 Iscandelvey the Vexing (level 2, 5/21 HPs)
             Began as a Demonspawn Arcane Marksman on Apr 17, 2019.
             Quit the game on level 2 of the Dungeon.
             The game lasted 00:00:12 (268 turns).

Iscandelvey the Vexing (Demonspawn Arcane Marksman)  Turns: 268, Time: 00:00:13

Health: 5/21       AC:  2    Str: 10    XL:     2   Next: 48%
Magic:  3/3        EV: 13    Int: 14    God:
Gold:   26         SH:  0    Dex: 13    Spells: 2/3 levels left

rFire    . . .     SeeInvis .   a - +0 hand crossbow
rCold    . . .     Gourm    .   (no shield)
rNeg     . . .     Faith    .   e - +0 robe
rPois    .         Spirit   .   (no helmet)
rElec    .         Reflect  .   (no cloak)
rCorr    .         Harm     .   (no gloves)
MR       .....                  (no boots)
Stlth    +.........             (no amulet)
HPRegen  0.07/turn              (no ring)
MPRegen  0.08/turn              (no ring)

@: no status effects
A: spiny 1
a: no special abilities


You were on level 2 of the Dungeon.
You were not hungry.

You visited 1 branch of the dungeon, and saw 2 of its levels.

You collected 26 gold pieces.

Inventory:

Hand Weapons
 a - a +0 hand crossbow (weapon)
Missiles
 d - 12 bolts (quivered)
Armour
 e - a +0 robe (worn)
Scrolls
 c - 2 scrolls of remove curse {unknown}
 g - a scroll of fog {unknown}
Potions
 b - a potion of curing {unknown}
Comestibles
 f - 2 rations


   Skills:
 + Level 1.1 Fighting
 + Level 1.9 Crossbows
 + Level 2.4 Dodging
 + Level 1.0 Spellcasting
 + Level 3.2 Hexes


You had 2 spell levels left.
You knew the following spells:

 Your Spells              Type           Power        Failure   Level  Hunger
a - Corona                Hex            #......      7%          1    ##.....

Your spell library contained the following spells:

 Spells                   Type           Power        Failure   Level  Hunger
 Slow                     Hex            #.......     11%         2    ###....
 Inner Flame              Hex/Fire       #.......     38%         3    ####...
 Portal Projectile        Hex/Tloc       #.....       38%         3    ####...
 Cause Fear               Hex            #.........   56%         4    #####..
 Leda's Liquefaction      Hex/Erth       #.........   80%         4    #####..


Dungeon Overview and Level Annotations

Branches:
Dungeon (1/15)

Altars:


Innate Abilities, Weirdness & Mutations

You are partially covered in sharp spines.


Message History

Aim: a gnoll, wielding a +0 halberd (severely wounded)
You shoot a bolt. The bolt hits the gnoll.
The gnoll is almost dead.
The gnoll barely misses you. x2
The gnoll hits you from afar with a +0 spear!
Ouch! That really hurt!
* * * LOW HITPOINT WARNING * * *
There are monsters nearby!
Firing (i - inventory)
d - 13 bolts (quivered)
Press: ? - help, Shift-Dir - straight line, f/p - gnoll
Aim: a gnoll, wielding a +0 halberd (almost dead)
You shoot a bolt. The bolt hits the gnoll!
You kill the gnoll!
You have reached level 2!
Your demonic ancestry asserts itself...
Sharp spines emerge from parts of your body.
The gnoll barely misses you.
You are too injured to fight recklessly!
A gnoll is nearby!
Are you sure you want to abandon this character and quit the game? (Confirm with "yes".)

####.#.# #..............+...#
.....#.# #.##.####.######...#
####.#.# #.##....#<....###'##
####...#######.##..#..[......#.#
.............#.##..#.......#'#.#
.............#.#...............#
.............#.#..............##
.............#.#..#########...#..
..##+#..##......@.# #...#.#
..##.#..##.###.##)# #...#.#
..##.#..##.# #...g.. #####.#
..##.#..##.######(##.# #.#
####'#...#.....# .# # #.#
.........#####.# .# #.#
...........# #.# .##+#### ####..
.......#.#.###.# .#.....####.....
.........#.....# #.....'........


You could see a gnoll.

Vanquished Creatures
  A gnoll (D:2)
  An ooze (D:2)
  A quokka (D:2)
  A frilled lizard (D:2)
  A goblin (D:2)
5 creatures vanquished.

Notes
Turn   | Place    | Note
-------+----------+-------------------------------------------
     0 | D:1      | Iscandelvey the Demonspawn Arcane Marksman began the quest
                  | for the Orb.
     0 | D:1      | Reached XP level 1. HP: 15/15 MP: 2/2
    16 | D:1      | You fall through a shaft!
   267 | D:2      | Gained mutation: You are partially covered in sharp spines.
                  | [demonic ancestry]
   267 | D:2      | Reached XP level 2. HP: 5/21 MP: 3/3
   268 | D:2      | Quit the game

Skill      XL: |  1 |
---------------+----+-----
Dodging        | 2 |  2.4
Fighting       | |  1.1
Crossbows      | |  1.9
Spellcasting   | |  1.0
Hexes          | |  3.2

Action                   || total
-------------------------++-------
 Fire: Hand crossbow     ||    14
Dodge: Dodged            ||     9
